 Dungeon Crawl Stone Soup version 0.22-a0-558-gc224181 (webtiles) character file.

25 pk666 the Magician (level 2, -2/15 HPs)
             Began as a Deep Elf Wizard on June 26, 2018.
             Slain by a hound (3 damage)
             ... on level 2 of the Dungeon.
             The game lasted 00:01:25 (916 turns).

pk666 the Magician (Deep Elf Wizard)                 Turns: 916, Time: 00:01:27

Health: -2/15      AC:  4    Str:  4    XL:     2   Next: 86%
Magic:  3/10       EV: 13    Int: 22    God:
Gold:   62         SH:  0    Dex: 16    Spells: 10/11 levels left

rFire    . . .     SeeInvis .   l - +0 dagger
rCold    . . .     Gourm    .   (no shield)
rNeg     . . .     Faith    .   a - +0 robe
rPois    .         Spirit   .   b - +0 hat
rElec    .         Reflect  .   (no cloak)
rCorr    .         Harm     .   g - +1 pair of gloves {Dex+3}
MR       .....                  (no boots)
Stlth    ++........             (no amulet)
HPRegen  0.05/turn              (no ring)
MPRegen  0.12/turn              (no ring)

@: very slightly contaminated
A: no striking features
a: no special abilities


You were on level 2 of the Dungeon.
You were not hungry.

You visited 1 branch of the dungeon, and saw 2 of its levels.

You collected 62 gold pieces.

Inventory:

Hand Weapons
 l - a +0 dagger (weapon)
Armour
 a - a +0 robe (worn)
 b - a +0 hat (worn)
 g - a +1 pair of gloves of dexterity (worn)
Jewellery
 k - an uncursed ring of flight {unknown}
Scrolls
 f - a scroll of remove curse {unknown}
 h - 2 scrolls of identify {unknown}
 n - a scroll of random uselessness {unknown}
Potions
 c - a potion of brilliance {unknown}
 e - a potion of haste {unknown}
 i - a potion of invisibility {unknown}
 j - a potion of agility {unknown}
 m - a potion of resistance {unknown}
Comestibles
 d - 3 rations


   Skills:
 - Level 2.4 Dodging
 - Level 2.4 Stealth
 + Level 5.1 Spellcasting
 + Level 2.3 Conjurations
   Level 1.1 Summonings
   Level 1.1 Translocations


You had 10 spell levels left.
You knew the following spells:

 Your Spells              Type           Power        Failure   Level  Hunger
a - Magic Dart            Conj           ###.         3%          1    None

Your spell library contained the following spells:

 Spells                   Type           Power        Failure   Level  Hunger
 Conjure Flame            Conj/Fire      ##......     19%         3    ##.....
 Slow                     Hex            #.......     16%         2    None
 Mephitic Cloud           Conj/Pois/Air  #.......     22%         3    ##.....
 Blink                    Tloc           N/A          10%         2    None
 Call Imp                 Summ           ##......     10%         2    None


Dungeon Overview and Level Annotations

Branches:
Dungeon (2/15)

Altars:


Message History

The hound closely misses you.
Casting: Magic Dart (safe; 3% risk of failure)
Confirm with . or Enter, or press ? or * to list all spells.
Aiming: Magic Dart (safe; 3% risk of failure)
Press: ? - help, Shift-Dir - straight line, f/p - hound
Aim: a hound (severely wounded)
The magic dart hits the hound.
The hound is almost dead.
The hound misses you.
Casting: Magic Dart (safe; 3% risk of failure)
Confirm with . or Enter, or press ? or * to list all spells.
Aiming: Magic Dart (safe; 3% risk of failure)
Press: ? - help, Shift-Dir - straight line, f/p - hound
Aim: a hound (almost dead)
You miscast Magic Dart.
You are very lightly contaminated with residual magic.
Nothing appears to happen.
The hound bites you.
* * * LOW HITPOINT WARNING * * *
The hound bites you.
You die...

### ..# ..########
..'.......
..######## ).....#
#####.#############
#...#...........@.#
#.#.#############h#
#....<# .# #####.#
## # #...# # #.###
###.# ....# #####


You could see a hound.

Vanquished Creatures
  A dart slug (D:1)
  2 leopard geckos (D:1)
  3 goblins (D:1)
  3 hobgoblins (D:1)
  3 bats (D:1)
  2 frilled lizards (D:1)
  7 kobolds (D:1)
  2 rats (D:1)
23 creatures vanquished.

Notes
Turn   | Place    | Note
-------+----------+-------------------------------------------
     0 | D:1      | pk666 the Deep Elf Wizard began the quest for the Orb.
     0 | D:1      | Reached XP level 1. HP: 10/10 MP: 7/7
   164 | D:1      | Reached XP level 2. HP: 15/15 MP: 5/9
   417 | D:1      | Reached skill level 5 in Spellcasting
   916 | D:2      | Slain by a hound

Vault maps used:
D:1:      tarquinn_simple_flora_water_e
D:2:      grunt_temple_overflow_magic_moments, marbit_many_paths

Skill      XL: |  1  2 |
---------------+-------+-----
Conjurations   | 2 |  2.3
Spellcasting   | 5 |  5.1
Dodging        | |  2.4
Stealth        | |  2.4
Summonings     | |  1.1
Translocations | |  1.1

Action                   || total
-------------------------++-------
 Cast: Magic Dart        ||    52
Armor: Robe              ||     4
Dodge: Dodged            ||     7

Table legend:
 A = Spawn XP
 B = Non-spawn XP
 C = Spawn XP percentage of total XP
 D = Spawn monster count
 E = Non-spawn monster count
 F = Spawn count percentage of total count
 G = Total turns spent on level
                    A         B        C        D         E        F      G
               +---------+---------+-------+---------+---------+-------+---------
         Total |       0 |      37 |   0.0 |       0 |      23 |   0.0 |   916
               +---------+---------+-------+---------+---------+-------+---------
           D:1 |       0 |      37 |   0.0 |       0 |      23 |   0.0 |   871
               +---------+---------+-------+---------+---------+-------+---------
